 Dungeon Crawl Stone Soup version 0.27-a0-1273-gec92ba881d (webtiles) character file.

Game seed: 810880424044808968

293 robertstho the Covered (level 6, -8/84 HPs)
             Began as a Minotaur Berserker on June 11, 2021.
             Was a Believer of Trog.
             Succumbed to kobold brigand's curare-tipped dart
             ... in a sewer.
             The game lasted 00:02:35 (2746 turns).

robertstho the Covered (Minotaur Berserker)         Turns: 2746, Time: 00:02:36

Health: -8/84      AC: 13    Str: 23    XL:     6   Next: 11%
Magic:  5/5        EV: 11    Int:  5    God:    Trog [**....]
Gold:   150        SH:  0    Dex:  9    Spells: 5/5 levels left

rFire    . . .     SeeInvis .   o - +0 war axe
rCold    . . .     Faith    .   (no shield)
rNeg     . . .     Spirit   .   e - +0 ring mail
rPois    .         Reflect  .   (helmet restricted)
rElec    .         Harm     .   (no cloak)
rCorr    .         Rampage  .   m - +2 pair of gloves
Will     ++...                  (no boots)
Stlth    ..........             (no amulet)
HPRegen  1.24/turn              h - +4 ring of protection
MPRegen  0.09/turn              (no ring)

@: mighty, berserking, lethally poisoned (-8 -> -30), strong-willed,
regenerating, slowed
A: horns 2, retaliatory headbutt
a: Renounce Religion, Berserk, Trog's Hand


You were in a sewer.
You worshipped Trog.
Trog was pleased with you.
You visited 1 branch of the dungeon, and saw 3 of its levels.
You also visited: Sewer.

You collected 150 gold pieces.

Inventory:

Hand Weapons
 o - a +0 war axe (weapon)
Armour
 e - a +0 ring mail (worn)
 m - a +2 pair of gloves (worn)
Jewellery
 h - a +4 ring of protection (left hand)
Scrolls
 d - a scroll of immolation {unknown}
 j - a scroll of fog {unknown}
 k - 2 scrolls of identify {unknown}
 l - a scroll of fear {unknown}
Potions
 f - a potion of cancellation {unknown}
 g - a potion of brilliance {unknown}
 i - a potion of might
 n - a potion of attraction {unknown}


   Skills:
 * Level 5.1 Fighting
 + Level 5.1 Axes
 * Level 5.3 Armour
 + Level 2.8 Dodging
 + Level 0.1 Stealth


You had 5 spell levels left.
You didn't know any spells.
Your spell library was empty.

Dungeon Overview and Level Annotations

Branches:
Dungeon (3/15)              Sewer (1/1)

Altars:


Innate Abilities, Weirdness & Mutations

You have a pair of horns on your head.
You reflexively headbutt those who attack you in melee.


Message History

The jackal bites you but does no damage.
The kobold throws a stone.
The stone hits you but does no damage. The jackal closely misses you.
You closely miss the jackal. You headbutt the jackal.
You kill the jackal!
Trog accepts your kill.
You feel very sick.
The kobold brigand throws a curare-tipped dart.
The curare-tipped dart hits you.
You are more poisoned.
You have difficulty breathing.
You feel as though you will be slow longer.
The kobold brigand throws a curare-tipped dart.
The curare-tipped dart hits you.
You are more poisoned.
You have difficulty breathing.
You feel as though you will be slow longer.
Your skin crawls.
You feel strong-willed.
* * * LOW HITPOINT WARNING * * *
You feel extremely sick.
The kobold throws a stone.
The stone hits you.
* * * LOW HITPOINT WARNING * * *
Unknown command.
It was a potion of might.
You feel very mighty all of a sudden.
* * * LOW HITPOINT WARNING * * *
You feel extremely sick.
The kobold throws a stone.
The stone closely misses you.
The kobold brigand throws a curare-tipped dart.
The curare-tipped dart hits you.
You are lethally poisoned!
You have difficulty breathing.
* * * LOW HITPOINT WARNING * * *
You feel as though you will be slow longer.
The kobold throws a stone.
The stone barely misses you.
It was a potion of berserk rage.
A red film seems to cover your vision as you go berserk!
You feel yourself moving faster!
You feel mighty!
You die...

.K. .. ####.####
#.≈≈K...# #KK≈K≈..#
#.K≈≈≈≈.# #K≈≈≈≈≈.#
#.≈≈≈≈≈.# #@≈≈≈≈≈.#
#≈.≈≈≈≈.#
################.≈≈≈≈≈≈#
≈≈≈≈≈≈≈≈≈≈≈≈≈≈≈≈≈≈≈≈≈≈≈#
################≈≈≈≈≈..#
##≈≈≈≈≈## #.≈≈≈.#
#≈≈≈≈.### #.≈≈≈..∩#


You could see a kobold brigand and 5 kobolds.

Vanquished Creatures
  Sigmund (D:2)
  5 adders
  3 gnolls (D:2)
  A river rat (Sewer)
  A worm (D:3)
  An orc (D:3)
  9 ball pythons
  4 bats
  2 endoplasms (D:1)
  5 giant cockroaches
  3 goblins
  4 hobgoblins
  A jackal (Sewer)
  7 kobolds
  2 quokkas
  4 frilled lizards
  8 rats
61 creatures vanquished.

Notes
Turn   | Place    | Note
-------+----------+-------------------------------------------
     0 | D:1      | robertstho the Minotaur Berserker began the quest for the
                  | Orb.
     0 | D:1      | Reached XP level 1. HP: 19/19 MP: 0/0
   185 | D:1      | Reached XP level 2. HP: 24/27 MP: 1/1
   644 | D:1      | Found a faded altar of an unknown god.
  1103 | D:2      | Reached XP level 3. HP: 26/33 MP: 2/2
  1103 | D:2      | Reached ** piety under Trog
  1397 | D:2      | Noticed Sigmund
  1412 | D:2      | Killed Sigmund
  1413 | D:2      | Reached XP level 4. HP: 5/41 MP: 3/3
  1413 | D:2      | Reached XP level 5. HP: 6/47 MP: 4/4
  1781 | D:2      | Reached skill level 5 in Armour
  1782 | D:2      | Reached skill level 5 in Fighting
  1788 | D:2      | Reached skill level 5 in Axes
  2544 | D:3      | Found a glowing drain.
  2588 | D:3      | Reached XP level 6. HP: 56/56 MP: 5/5
  2594 | Sewer    | Entered a sewer
  2745 | Sewer    | HP: 1/56 [asphyx]
  2746 | Sewer    | Succumbed to kobold brigand's curare-tipped dart

Illustrated notes

Levels and vault maps discovered:
D:1:      psy_arrival_radial01, layout_basic, ebering_ecumenical_altar_rust,
          minmay_misc_feat_iff, minmay_misc_feat_rows
D:2:      layout_loops_ring, minmay_stone_trees_large, minmay_misc_feat_x,
          uniq_sigmund
D:3:      layout_loops_ring, gup_sewer_entry_glass, serial_shops, shop,
          minmay_misc_feat_tower
Sewer:    sewer_kobolds

Skill      XL: |  1  2  3  4  5 |
---------------+----------------+-----
Fighting       | 4 5 |  5.1
Armour         | 3 4 5 |  5.3
Axes           | 4 5 |  5.1
Dodging        | |  2.8
Stealth        | |  0.1

Action                   |  1- 3 |  4- 6 || total
-------------------------+-------+-------++-------
Melee: Hand axe          |    55 |    43 ||    98
       Headbutt          |     4 |     9 ||    13
       War axe           |       |    18 ||    18
Invok: Berserk           |     2 |     2 ||     4
       Trog's Hand       |       |     1 ||     1
  Use: Potion            |       |     2 ||     2
Armor: Animal skin       |     3 |       ||     3
       Ring mail         |     8 |    38 ||    46
Dodge: Dodged            |    35 |    45 ||    80

Table legend: (Time is in decaauts)
 A = Elapsed time spent in this place.
 B = Non-inter-level travel time spent in this place.
 C = Inter-level travel time spent in this place.
 D = Time resting spent in this place.
 E = Time spent auto-exploring this place.
 F = Levels seen in this place.
 G = Mean time per level.
                   A        B        C        D        E       F      G
               +--------+--------+--------+--------+--------+-----+--------+
         Total |   2815 |   2784 |     31 |    292 |   2118 |   4 |  703.8 |
       Dungeon |   2627 |   2596 |     31 |    277 |   1992 |   3 |  875.7 |
         Sewer |    188 |    188 |      0 |     15 |    126 |   1 |  188.0 |
               +--------+--------+--------+--------+--------+-----+--------+

Top non-repeatable levels by time:
     D:2: 1241 daAuts
     D:1: 1099 daAuts
     D:3: 286 daAuts
   Sewer: 188 daAuts
